Map: Cerulean Fall LE

Players

LiquidMaNa (MaNa)

  • Race: Protoss Protoss
  • League: Master
  • Spawn Location: 1:00

Lambo - Winner!

  • Race: Zerg Zerg
  • League: Master
  • Spawn Location: 7:00

Event: HomeStory Cup XVIII

VOD

Have the link to the VOD?

Description

Time

  • Played on: Nov. 23, 2018, 10:43 a.m.
  • Length: 9:59

All games in this series

Show
View Real Time Build Order
Export as new Build Order

LiquidMaNa Protoss 

Build Orders: 1 Gate Expand, Phoenix Opening, Mass Phoenix 

Get SALT Encoding   

  12  0:00  Probe  
  13  0:12  Probe  
  14  0:18  Pylon  
  14  0:24  Probe  
  15  0:32  Probe  
  15  0:37  Assimilator  
  15  0:40  Probe  
  16  0:48  Gateway  
  17  0:50  Probe  
  18  0:58  Probe  
  19  1:06  Probe  
  20  1:26  Nexus  
  20  1:35  Cybernetics Core  
  20  1:38  Probe  
  21  1:45  Assimilator  
  21  1:50  Probe  
  21  1:54  Pylon  
  22  2:02  Probe  
  22  2:04  Adept  
  23  2:14  Probe  
  26  2:19  Stargate  
  26  2:26  Probe, Stalker, Warp Gate  
  29  2:39  Probe x2  
  32  2:51  Probe x2  
  32  2:57  Phoenix  
  33  3:03  Probe x2  
  37  3:09  Assimilator  
  37  3:15  Probe x2  
  37  3:19  Phoenix  
  39  3:26  Gateway  
  41  3:27  Probe  
  42  3:35  Assimilator  
  42  3:38  Stargate  
  42  3:40  Probe  
  44  3:43  Pylon  
  44  3:46  Phoenix  
  43  3:52  Probe  
  46  4:01  Probe  
  47  4:03  Pylon  
  47  4:04  Probe  
  47  4:05  Phoenix  
  48  4:14  Phoenix  
  48  4:15  Probe  
  48  4:16  Probe  
  54  4:27  Probe  
  54  4:28  Probe  
  56  4:31  Phoenix  
  56  4:37  Pylon  
  58  4:38  Phoenix  
  58  4:42  Probe  
  58  4:43  Probe  
  62  4:50  Pylon  
  62  4:57  Zealot x2  
  66  5:05  Phoenix  
  68  5:10  Pylon  
  68  5:20  Nexus  
  68  5:22  Probe  
  68  5:26  Pylon  
  69  5:30  Probe  
  69  5:33  Phoenix  
  69  5:35  Protoss Air Weapons Level 1  
  72  5:51  Zealot x2  
  72  5:52  Void Ray  
  72  5:54  Twilight Council  
  72  5:55  Forge  
  69  6:13  Void Ray  
  64  6:30  Zealot  
  55  6:43  Probe x2  
  55  6:46  Probe  
  56  6:53  Probe x2  
  56  6:56  Probe  
  59  7:01  Probe  
  59  7:02  Probe  
  59  7:04  Probe  
  59  7:08  Sentry  
  64  7:10  Probe  
  64  7:14  Probe  
  65  7:20  Probe  
  65  7:21  Probe  
  66  7:26  Robotics Facility  
  66  7:34  Probe x2  
  66  7:35  Probe  
  69  7:38  Robotics Facility  
  69  7:46  Probe x2  
  71  7:52  Probe  
  73  7:58  Probe  
  73  7:59  Sentry  
  73  8:00  Sentry  
  73  8:03  Probe  
  73  8:04  Probe  
  73  8:05  Immortal  
  79  8:06  Shield Battery  
  79  8:13  Robotics Bay  
  79  8:16  Immortal  
  87  8:29  Pylon  
  87  8:33  Sentry  
  87  8:34  Sentry  
  91  8:35  Assimilator  
  91  8:37  Assimilator, Probe x3  
  94  8:45  Colossus  
  94  8:50  Colossus, Probe x2  
  108  9:05  Probe x3  
  111  9:11  Zealot  
  111  9:12  Zealot  
  115  9:18  Pylon  
  115  9:20  Pylon  
  115  9:22  Pylon  
  112  9:38  Zealot  
  112  9:39  Sentry  
Show
View Real Time Build Order
Export as new Build Order

Lambo Zerg - Winner!

Build Orders: Hatch First 

Get SALT Encoding   

  12  0:00  Drone  
  13  0:12  Overlord  
  13  0:17  Drone  
  14  0:30  Drone x2  
  16  0:48  Hatchery  
  15  0:51  Drone  
  15  0:54  Drone  
  17  0:58  Drone  
  18  1:08  Extractor  
  17  1:14  Spawning Pool  
  16  1:19  Drone  
  16  1:21  Drone  
  18  1:29  Drone  
  20  1:40  Drone  
  20  1:49  Drone  
  21  2:00  Queen x2  
  25  2:01  Zergling x2  
  25  2:02  Overlord  
  26  2:11  Drone x2  
  26  2:14  Metabolic Boost  
  28  2:22  Drone  
  29  2:23  Drone  
  30  2:35  Hatchery  
  29  2:38  Drone  
  30  2:44  Queen  
  30  2:49  Overlord  
  32  2:52  Zergling x2  
  33  2:58  Drone  
  33  3:01  Drone x2  
  36  3:10  Drone x2  
  36  3:11  Drone x3  
  41  3:13  Drone  
  41  3:17  Overlord  
  41  3:18  Drone  
  43  3:24  Drone  
  44  3:35  Queen  
  44  3:38  Drone  
  44  3:39  Drone x3, Lair  
  50  3:42  Spore Crawler  
  50  3:48  Extractor, Drone x3  
  51  3:49  Extractor  
  51  3:53  Roach Warren  
  49  3:57  Drone x2  
  49  3:58  Drone  
  49  4:02  Drone x2  
  54  4:05  Overlord  
  54  4:15  Zergling x8  
  58  4:17  Overlord  
  58  4:23  Queen  
  59  4:25  Overlord  
  59  4:27  Overlord  
  59  4:30  Overlord  
  59  4:33  Roach  
  59  4:34  Roach  
  59  4:37  Overseer  
  63  4:38  Overlord  
  63  4:43  Roach x2  
  67  4:47  Roach x2  
  73  4:53  Roach x2  
  73  4:56  Roach x2  
  73  4:59  Roach  
  81  5:05  Overlord  
  81  5:07  Drone x4  
  84  5:09  Drone  
  86  5:14  Spore Crawler  
  86  5:17  Spore Crawler  
  86  5:19  Drone x3  
  88  5:21  Drone x2  
  88  5:25  Drone, Spore Crawler  
  89  5:31  Drone x4  
  91  5:35  Drone  
  91  5:36  Drone, Spore Crawler  
  91  5:39  Extractor  
  91  5:41  Drone  
  91  5:42  Hydralisk Den  
  85  5:43  Drone  
  85  5:44  Drone  
  85  5:47  Drone x2  
  85  5:49  Drone  
  85  5:52  Drone x2  
  85  5:57  Drone x3  
  90  5:58  Drone  
  90  6:03  Drone x2  
  93  6:06  Drone  
  93  6:07  Drone  
  93  6:08  Drone  
  96  6:16  Drone x2  
  96  6:19  Drone x2  
  96  6:21  Drone  
  96  6:23  Drone  
  93  6:27  Extractor, Queen  
  91  6:33  Hydralisk x3  
  96  6:42  Extractor  
  96  6:44  Hydralisk x4  
  95  6:50  Hatchery  
  95  6:51  Hydralisk x3  
  96  6:55  Overlord  
  96  6:57  Spore Crawler  
  96  7:00  Overlord, Spore Crawler  
  94  7:01  Overlord  
  94  7:05  Overlord  
  94  7:07  Evolution Chamber  
  94  7:08  Muscular Augments  
  93  7:15  Hydralisk x2  
  93  7:20  Hydralisk x3  
  101  7:24  Hydralisk x2  
  101  7:27  Hydralisk x2  
  109  7:33  Zerg Missile Weapons Level 1, Hydralisk  
  109  7:37  Drone  
  112  7:38  Queen  
  112  7:42  Hydralisk x2  
  118  7:46  Hydralisk x2  
  118  7:51  Overseer, Overlord x2  
  123  7:53  Overlord  
  123  7:56  Overlord  
  123  7:59  Overlord  
  123  8:03  Hatchery  
  122  8:07  Overlord  
  122  8:11  Hydralisk x4  
  130  8:14  Roach  
  130  8:17  Hydralisk x2  
  130  8:19  Grooved Spines  
  135  8:23  Hydralisk x2  
  135  8:26  Hydralisk  
  135  8:27  Hydralisk  
  139  8:33  Hydralisk x3  
  149  8:35  Roach  
  151  8:45  Hydralisk x4  
  159  8:52  Roach, Zergling x2  
  162  8:57  Overlord  
  162  8:59  Overlord  
  162  9:05  Overlord  
  162  9:08  Overlord x3  
  162  9:15  Overlord  
  162  9:16  Zergling x18  
  171  9:23  Ravager  
  170  9:25  Ravager  
  170  9:26  Zergling x12  
  170  9:28  Ravager  
  170  9:29  Zergling x2  
  179  9:33  Zergling x2  
  179  9:36  Zergling x2  
Tags
 
Add a new tag
Caveats
  • Supply blocks, unpowered buildings, or Contaminate may cause inaccurate times.
  • Supply counts are checked every 10 seconds.